 Dungeon Crawl Stone Soup version 0.18.1-50-g88ac8fd (webtiles) character file.

144 6a6kaBkacke the Poker (level 5, -6/47 HPs)
             Began as a Minotaur Berserker on Sept 28, 2016.
             Was a Priest of Trog.
             Mangled by an ogre
             ... wielding a +0 giant spiked club
              (21 damage)
             ... on level 3 of the Dungeon.
             The game lasted 00:08:20 (2942 turns).

6a6kaBkacke the Poker (Minotaur Berserker)          Turns: 2942, Time: 00:08:21

Health: -6/47      AC: 11    Str: 22    XL:     5   Next: 5%
Magic:  4/4        EV:  7    Int:  4    God:    Trog [***...]
Gold:   144        SH:  0    Dex: 10    Spells: 0 memorised, 4 levels left

rFire  . . .     SeeInvis .     a - +1 spear
rCold  + . .     Gourm    .     r - +0 plate armour
rNeg   . . .     Faith    .     (no shield)
rPois  +         Spirit   .     (helmet restricted)
rElec  .         Dismiss  .     (no cloak)
rCorr  .         Reflect  .     (no gloves)
SustAt .         Harm     .     (no boots)
MR     .....                    j - amulet of inaccuracy (curse)
Stlth  ..........               e - ring of poison resistance
                                b - ring of protection from cold

@: not resistant to hostile enchantments, extremely unstealthy
A: retaliatory headbutt, horns 2
a: Berserk, Trog's Hand, Burn Spellbooks, Renounce Religion


You were on level 3 of the Dungeon.
You worshipped Trog.
Trog was most pleased with you.
You were not hungry.

You visited 1 branch of the dungeon, and saw 4 of its levels.

You collected 144 gold pieces.

Inventory:

Hand Weapons
 a - a +1 spear (weapon)
Armour
 r - a +0 plate armour (worn)
Jewellery
 b - a ring of protection from cold (left hand)
 e - a ring of poison resistance (right hand)
 g - an uncursed amulet of the gourmand
 j - a cursed amulet of inaccuracy (around neck)
Scrolls
 n - a scroll of fog
 p - a scroll of magic mapping
 q - a scroll of identify
Potions
 f - a potion of lignification
 i - a potion of heal wounds {unknown}
 l - a potion of mutation {unknown}
 o - 2 potions of magic {unknown}
Comestibles
 c - a bread ration
 d - a fruit
 k - a slice of pizza
 m - 3 chunks of flesh


   Skills:
 + Level 4.4 Fighting
 * Level 5.2 Polearms
 + Level 3.4 Armour
 + Level 3.2 Dodging
 + Level 0.3 Stealth


You had 4 spell levels left.
You didn't know any spells.

Dungeon Overview and Level Annotations

Branches:
Dungeon (4/15)
 Temple: D:4-7

Altars:
Dithmenos

Annotations:
D:4 Sigmund


Innate Abilities, Weirdness & Mutations

You reflexively headbutt those who attack you in melee.
You have a pair of horns on your head.


Message History

The ogre hits you with a giant spiked club!!
Ouch! That really hurt!
Sigmund drinks a potion.
Sigmund seems to speed up.
There is a stone staircase leading up, spattered with blood here.
Sigmund hits you but does no damage.
The ogre hits you with a giant spiked club!
* * * LOW HITPOINT WARNING * * *
You climb upwards.
There is a stone staircase leading down here.
Drink which item? (? for menu, Esc to quit)
It was a potion of curing.
You feel better.
You hit the ogre.
The ogre is lightly wounded.
The ogre hits you with a giant spiked club.
You hit the ogre.
The ogre is moderately wounded.
You hit the ogre but do no damage. You headbutt the ogre.
The ogre is moderately wounded.
The ogre hits you with a giant spiked club!!
You die...

#.# #.####.###............# #.#
#.##....##.##.#######.#
#.#####..#.#......#....# #.#
.......#.#.##.##..#.##.# #####
.#####.#.#.##.##..#....# #...#
.......#.#.##.##..#.#######.#.#
............#.##..#.#.......#.#
########.#..#.##.O#.#.#######.#
................@.#.#.# #.#
##########..####....#.# #.#
...#................#.#######.#
.#.#.#######.....)..#.#.......#
.#.#.#...# #.###..).#<#.#######
...#.#.#.# #.# #.##...#.#
##.#.#.#.###.# #...)..#.#
...#)#.#.....######.#...#
####.#.#####..........#.#


You could see an ogre.

Vanquished Creatures
  An orc wizard (D:3)
  2 adders (D:2)
  A worm (D:3)
  A giant gecko (D:1)
  9 orcs (D:3)
  A ball python (D:2)
  2 giant cockroaches
  10 goblins
  11 hobgoblins
  13 jackals
  2 quokkas (D:3)
  6 bats
  4 giant newts
  9 kobolds
  8 rats
80 creatures vanquished.

Notes
Turn   | Place    | Note
--------------------------------------------------------------
     0 | D:1      | 6a6kaBkacke the Minotaur Berserker began the quest for the Orb.
     0 | D:1      | Reached XP level 1. HP: 19/19 MP: 0/0
    52 | D:1      | HP: 1/20 [kobold/whip (4)]
   448 | D:1      | Reached XP level 2. HP: 26/27 MP: 1/1
   449 | D:1      | Reached skill level 4 in Polearms
   915 | D:1      | Reached ** piety under Trog
  1074 | D:2      | Reached XP level 3. HP: 33/33 MP: 2/2
  1590 | D:2      | Found a shadowy altar of Dithmenos.
  1878 | D:3      | Reached XP level 4. HP: 36/40 MP: 3/3
  1895 | D:3      | Reached skill level 5 in Polearms
  2031 | D:3      | Reached *** piety under Trog
  2551 | D:3      | Reached XP level 5. HP: 47/47 MP: 4/4
  2930 | D:4      | Noticed Sigmund
  2930 | D:4      | Noticed an ogre
  2942 | D:3      | Mangled by an ogre

Skill      XL: |  1  2  3  4 |
---------------+-------------+-----
Polearms       | 4 5 |  5.2
Fighting       | 4 |  4.4
Dodging        | 3 |  3.2
Armour         | 3 |  3.4
Stealth        | |  0.3

Action                   |  1- 3 |  4- 6 || total
-------------------------+-------+-------++-------
Melee: Spear             |   136 |   138 ||   274
       Headbutt          |    13 |    16 ||    29
Invok: Berserk           |       |     1 ||     1
  Use: Scroll            |     6 |     3 ||     9
       Potion            |       |     1 ||     1
 Stab: Sleeping          |     1 |       ||     1
  Eat: Bread ration      |     1 |     1 ||     2
       Chunk             |       |     2 ||     2
Armor: Scale mail        |    19 |    12 ||    31
       Animal skin       |     3 |       ||     3
       Chain mail        |       |    31 ||    31
       Plate armour      |       |     8 ||     8
Dodge: Dodged            |    52 |    55 ||   107
